APP
GREENEVILLE ASTROS @ GREAT FALLS VOYAGERS
09/25/2048
 
TOP OF THE 1ST
Greeneville Astros batting - Pitching for Great Falls Voyagers : LHP Jose Herrera
Pitching: LHP Jose Herrera
Batting: RHB Jarno van Lente 0-0: Ball
1-0: Foul Ball, location: 2F
1-1: Called Strike
1-2: Foul Ball, location: 2F
1-2: Ball
2-2: Ball
3-2: Foul Ball, location: 2F
3-2: Base on Balls
Batting: RHB Keith Goodwin 0-0: Called Strike
0-1: Ball
Passed Ball!
Jarno van Lente to second
1-1: Ball
2-1: SINGLE (Line Drive, 5D, EV 104.4 MPH)
Jarno van Lente to third
Runner from 3rd tries for Home, SAFE, throw by LF to home
Now in LF: Andy Cotton
Now in RF: David Laureano
Batting: RHB Yoshitoshi Mori 0-0: Ball
1-0: Ball
2-0: Ball
3-0: Base on Balls
Keith Goodwin to second
Batting: RHB Hugo Priego 0-0: Called Strike
0-1: Fly out, F8 (Flyball, 8LM, EV 84.4 MPH)
Batting: LHB Guadalupe Gonzalez 0-0: Called Strike
0-1: Ball
1-1: TRIPLE (Flyball, 89XD, EV 96.2 MPH)
Keith Goodwin scores
Yoshitoshi Mori scores
Batting: RHB Domingas Saragoa 0-0: Foul Ball, location: 2F
0-1: Ball
1-1: Ball
2-1: Ground out 4-3 (Groundball, 34D, EV 99.4 MPH)
Guadalupe Gonzalez scores
Batting: LHB Ryan Fridley 0-0: Ball
1-0: SINGLE (Groundball, 4MD, EV 108.8 MPH)
Batting: RHB Devon Healy 0-0: Called Strike
0-1: Ball
1-1: Foul Ball, location: 2F
1-2: Strikes out looking
Top of the 1st over - 4 runs, 3 hits, 0 errors, 1 left on base; Greeneville 4 - Great Falls 0
BOTTOM OF THE 1ST
Great Falls Voyagers batting - Pitching for Greeneville Astros : LHP Jim Leeman
Pitching: LHP Jim Leeman
Batting: RHB Andy Cotton 0-0: Called Strike
0-1: Ball
1-1: Ground out 4-3 (Groundball, 4, EV 83.8 MPH)
Batting: RHB Russ Cornett 0-0: Ball
1-0: Foul Ball, location: 2F
1-1: Foul Ball, location: 2F
1-2: Ground out 6-3 (Groundball, 6, EV 86.2 MPH)
Batting: SHB Rob Haney 0-0: Ball
1-0: Foul Ball, location: 2F
1-1: Ground out 6-3 (Groundball, 6, EV 79.4 MPH)
Bottom of the 1st over - 0 runs, 0 hits, 0 errors, 0 left on base; Greeneville 4 - Great Falls 0
TOP OF THE 2ND
Greeneville Astros batting - Pitching for Great Falls Voyagers : LHP Jose Herrera
Batting: LHB Gong Tow 0-0: Swinging Strike
0-1: Ball
1-1: Ground out 4-3 (Groundball, 4, EV 88.8 MPH)
Batting: RHB Jarno van Lente 0-0: Swinging Strike
0-1: Foul Ball, location: 2F
0-2: Ball
1-2: Hit by Pitch
Batting: RHB Keith Goodwin 0-0: Ball
1-0: Called Strike
1-1: Foul Ball, location: 2F
1-2: Strikes out swinging
Batting: RHB Yoshitoshi Mori 0-0: Ball
1-0: Called Strike
1-1: Ball
2-1: Called Strike
2-2: Fly out, F8 (Line Drive, 8LM, EV 94.4 MPH)
Top of the 2nd over - 0 runs, 0 hits, 0 errors, 1 left on base; Greeneville 4 - Great Falls 0
BOTTOM OF THE 2ND
Great Falls Voyagers batting - Pitching for Greeneville Astros : LHP Jim Leeman
Batting: RHB Billy Grubbs 0-0: Called Strike
0-1: Swinging Strike
0-2: Strikes out looking
Batting: RHB Mitch Cuadros 0-0: Ball
1-0: Ball
2-0: Foul Ball, location: 2F
2-1: Ball
3-1: Base on Balls
Batting: RHB Tommy Ellington 0-0: Foul Ball, location: 2F
0-1: Swinging Strike
0-2: Fly out, F9 (Flyball, 9LD, EV 73.8 MPH)
Batting: RHB Francisco Marin 0-0: Foul Ball, location: 2F
0-1: Ball
1-1: Swinging Strike
1-2: Foul Ball, location: 2F
1-2: Strikes out looking
Bottom of the 2nd over - 0 runs, 0 hits, 0 errors, 1 left on base; Greeneville 4 - Great Falls 0
TOP OF THE 3RD
Greeneville Astros batting - Pitching for Great Falls Voyagers : LHP Jose Herrera
Batting: RHB Hugo Priego 0-0: Called Strike
0-1: Ball
1-1: Foul Ball, location: 2F
1-2: Foul Ball, location: 2F
1-2: Ball
2-2: Foul Ball, location: 2F
2-2: Ground out 6-3 (Groundball, 6, EV 105.6 MPH)
Batting: LHB Guadalupe Gonzalez 0-0: Ball
1-0: Ball
2-0: Called Strike
2-1: Ground out 1-3 (Groundball, 13S, EV 68.1 MPH)
Batting: RHB Domingas Saragoa 0-0: Fly out, F9 (Flyball, 89M, EV 85.6 MPH)
Top of the 3rd over - 0 runs, 0 hits, 0 errors, 0 left on base; Greeneville 4 - Great Falls 0
BOTTOM OF THE 3RD
Great Falls Voyagers batting - Pitching for Greeneville Astros : LHP Jim Leeman
Batting: RHB Enrique Gomez 0-0: Called Strike
0-1: Ball
1-1: Called Strike
1-2: Strikes out looking
Batting: RHB David Laureano 0-0: Called Strike
0-1: Ball
1-1: Ball
2-1: Ball
3-1: Called Strike
3-2: Ground out 6-3 (Groundball, 6, EV 102.5 MPH)
Batting: RHB Andy Cotton 0-0: Called Strike
0-1: Ball
1-1: Ball
2-1: Ball
3-1: Base on Balls
Batting: RHB Russ Cornett 0-0: Ball
Andy Cotton is caught stealing 2nd base 2-4
Bottom of the 3rd over - 0 runs, 0 hits, 0 errors, 0 left on base; Greeneville 4 - Great Falls 0
TOP OF THE 4TH
Greeneville Astros batting - Pitching for Great Falls Voyagers : LHP Jose Herrera
Batting: LHB Ryan Fridley 0-0: Ball
1-0: Fly out, F8 (Flyball, 8RD, EV 98.8 MPH)
Batting: RHB Devon Healy 0-0: Foul Ball, location: 2F
0-1: Called Strike
0-2: Ball
1-2: Ball
2-2: Ball
3-2: Foul Ball, location: 2F
3-2: Strikes out swinging
Batting: LHB Gong Tow 0-0: Foul Ball, location: 2F
0-1: Ball
1-1: Called Strike
1-2: Strikes out swinging
Top of the 4th over - 0 runs, 0 hits, 0 errors, 0 left on base; Greeneville 4 - Great Falls 0
BOTTOM OF THE 4TH
Great Falls Voyagers batting - Pitching for Greeneville Astros : LHP Jim Leeman
Batting: RHB Russ Cornett 0-0: Ball
1-0: Swinging Strike
1-1: Foul Ball, location: 2F
1-2: Strikes out looking
Batting: SHB Rob Haney 0-0: Swinging Strike
0-1: SINGLE (Groundball, 6M, EV 97.5 MPH)
Batting: RHB Billy Grubbs 0-0: Called Strike
0-1: Called Strike
0-2: Ball
Rob Haney is caught stealing 2nd base 2-4
1-2: Ball
2-2: Strikes out swinging
Bottom of the 4th over - 0 runs, 1 hit, 0 errors, 0 left on base; Greeneville 4 - Great Falls 0
TOP OF THE 5TH
Greeneville Astros batting - Pitching for Great Falls Voyagers : LHP Jose Herrera
Batting: RHB Jarno van Lente 0-0: Ball
1-0: Ground out 4-3 (Groundball, 4, EV 92.5 MPH)
Batting: RHB Keith Goodwin 0-0: Ball
1-0: Called Strike
1-1: Ball
2-1: Ball
3-1: Called Strike
3-2: Fly out, F9 (Flyball, 9, EV 92.5 MPH)
Batting: RHB Yoshitoshi Mori 0-0: Ball
1-0: Ball
2-0: Called Strike
2-1: Ground out 5-3 (Groundball, 56, EV 102.5 MPH)
Top of the 5th over - 0 runs, 0 hits, 0 errors, 0 left on base; Greeneville 4 - Great Falls 0
BOTTOM OF THE 5TH
Great Falls Voyagers batting - Pitching for Greeneville Astros : LHP Jim Leeman
Batting: RHB Mitch Cuadros 0-0: Foul Ball, location: 2F
0-1: Foul Ball, location: 2F
0-2: Ground out 6-3 (Groundball, 6, EV 90.0 MPH)
Batting: RHB Tommy Ellington 0-0: Ball
1-0: Swinging Strike
1-1: Ball
2-1: Foul Ball, location: 2F
2-2: Ball
3-2: Ground out 5-3 (Groundball, 5, EV 85.0 MPH)
Batting: RHB Francisco Marin 0-0: Called Strike
0-1: Ball
1-1: SOLO HOME RUN (Flyball, 7LD, EV 98.8 MPH), Distance : 379 ft
Batting: RHB Enrique Gomez 0-0: Ball
1-0: Ball
2-0: SINGLE (Groundball, 4D, EV 107.5 MPH)
Batting: RHB David Laureano 0-0: Ball
1-0: Foul Ball, location: 2F
1-1: Ball
2-1: Fielders Choice at 2nd, 5-4 (Groundball, 56, EV 85.0 MPH)
Bottom of the 5th over - 1 run, 2 hits, 0 errors, 1 left on base; Greeneville 4 - Great Falls 1
TOP OF THE 6TH
Greeneville Astros batting - Pitching for Great Falls Voyagers : LHP Jose Herrera
Batting: RHB Hugo Priego 0-0: Ground out 4-3 (Groundball, 4S, EV 66.2 MPH)
Batting: LHB Guadalupe Gonzalez 0-0: Called Strike
0-1: Fly out, F9 (Line Drive, 9, EV 85.6 MPH)
Batting: RHB Domingas Saragoa 0-0: Foul Ball, location: 2F
0-1: Ball
1-1: Foul Ball, location: 2F
1-2: Ball
2-2: Foul Ball, location: 2F
2-2: Foul Ball, location: 2F
2-2: Ball
3-2: Ground out 5-3 (Groundball, 56S, EV 84.4 MPH)
Top of the 6th over - 0 runs, 0 hits, 0 errors, 0 left on base; Greeneville 4 - Great Falls 1
BOTTOM OF THE 6TH
Great Falls Voyagers batting - Pitching for Greeneville Astros : LHP Jim Leeman
Batting: RHB Andy Cotton 0-0: Ball
1-0: Foul Ball, location: 2F
1-1: Ball
2-1: Ball
3-1: Base on Balls
Batting: RHB Russ Cornett 0-0: Ball
Andy Cotton steals 2nd base (no throw)
1-0: Ball
Andy Cotton steals 3rd base
2-0: Called Strike
2-1: Foul Ball, location: 2F
2-2: Foul Ball, location: 2F
2-2: Ball
3-2: Fly out, F7 (Flyball, 7, EV 93.1 MPH)
Batting: SHB Rob Haney 0-0: Ball
1-0: Called Strike
Steal of home, Andy Cotton is out
1-1: Called Strike
1-2: Strikes out swinging
Bottom of the 6th over - 0 runs, 0 hits, 0 errors, 0 left on base; Greeneville 4 - Great Falls 1
TOP OF THE 7TH
Greeneville Astros batting - Pitching for Great Falls Voyagers : LHP Jose Herrera
Pitching: LHP Juan Fuentes
Batting: LHB Ryan Fridley 0-0: Ball
1-0: Foul Ball, location: 2F
1-1: Swinging Strike
1-2: Ball
2-2: Strikes out swinging
Batting: RHB Devon Healy 0-0: Ball
1-0: Called Strike
1-1: Swinging Strike
1-2: Ball
2-2: Ball
3-2: Strikes out swinging
Batting: LHB Gong Tow 0-0: Ball
1-0: Called Strike
1-1: Foul Ball, location: 2F
1-2: Strikes out looking
Top of the 7th over - 0 runs, 0 hits, 0 errors, 0 left on base; Greeneville 4 - Great Falls 1
BOTTOM OF THE 7TH
Great Falls Voyagers batting - Pitching for Greeneville Astros : LHP Jim Leeman
Batting: RHB Billy Grubbs 0-0: SOLO HOME RUN (Flyball, 78XD, EV 111.9 MPH), Distance : 421 ft
Batting: RHB Mitch Cuadros 0-0: TRIPLE (Line Drive, 89D, EV 105.0 MPH)
Batting: RHB Tommy Ellington 0-0: Called Strike
0-1: Ball
1-1: Ball
2-1: Ball
3-1: Fly out, F7 (Flyball, 7, EV 83.1 MPH)
Batting: RHB Francisco Marin 0-0: Ball
1-0: Foul Ball, location: 2F
1-1: Fly out, F9 (Flyball, 89M, EV 97.5 MPH)
Runner from 3rd tags up, OUT at HOME! 9-2
Bottom of the 7th over - 1 run, 2 hits, 0 errors, 0 left on base; Greeneville 4 - Great Falls 2
TOP OF THE 8TH
Greeneville Astros batting - Pitching for Great Falls Voyagers : LHP Juan Fuentes
Batting: RHB Jarno van Lente 0-0: Ball
1-0: Called Strike
1-1: Ball
2-1: Ball
3-1: Called Strike
3-2: Base on Balls
Batting: RHB Keith Goodwin 0-0: Called Strike
0-1: Ball
Jarno van Lente is caught stealing 2nd base 2-4
1-1: Fly out, F7 (Flyball, 78D, EV 89.4 MPH)
Batting: RHB Yoshitoshi Mori 0-0: Ball
1-0: Ball
2-0: Swinging Strike
2-1: Ball
3-1: Foul Ball, location: 2F
3-2: Foul Ball, location: 2F
3-2: Base on Balls
Batting: RHB Hugo Priego 0-0: Swinging Strike
0-1: Swinging Strike
0-2: Strikes out looking
Top of the 8th over - 0 runs, 0 hits, 0 errors, 1 left on base; Greeneville 4 - Great Falls 2
BOTTOM OF THE 8TH
Great Falls Voyagers batting - Pitching for Greeneville Astros : LHP Jim Leeman
Batting: RHB Enrique Gomez 0-0: Fly out, F8 (Flyball, 89D, EV 90.6 MPH)
Batting: RHB David Laureano 0-0: Called Strike
0-1: Foul Ball, location: 2F
0-2: Foul Ball, location: 2F
0-2: Strikes out looking
Batting: RHB Andy Cotton 0-0: Ball
1-0: Ball
2-0: Ball
3-0: Called Strike
3-1: Called Strike
3-2: Base on Balls
Pitching: LHP Jeremy Mellott
Batting: RHB Russ Cornett 0-0: Ball
Wild Pitch!
Andy Cotton to second
1-0: Called Strike
1-1: Swinging Strike
1-2: Hit by Pitch
Pinch Hitting: RHB Brad Adams Jr. 0-0: Ball
1-0: Foul Ball, location: 2F
1-1: Ball
2-1: SINGLE (Line Drive, 3D, EV 97.5 MPH)
Andy Cotton to third
Russ Cornett to second
Batting: RHB Billy Grubbs 0-0: Ball
1-0: Swinging Strike
1-1: Ball
2-1: Foul Ball, location: 2F
2-2: GRAND SLAM HOME RUN (Flyball, 7LD, EV 99.4 MPH), Distance : 395 ft
Pitching: LHP Chase Smith
Batting: RHB Mitch Cuadros 0-0: Called Strike
0-1: Ball
1-1: Ball
2-1: Foul Ball, location: 2F
2-2: Foul Ball, location: 2F
2-2: Ground out 4-3 (Groundball, 4, EV 93.1 MPH)
Bottom of the 8th over - 4 runs, 2 hits, 0 errors, 0 left on base; Greeneville 4 - Great Falls 6
TOP OF THE 9TH
Greeneville Astros batting - Pitching for Great Falls Voyagers : LHP Juan Fuentes
Pitching: RHP Toyotoshi Matsui
Now at SS: Jose Romo
Batting: LHB Guadalupe Gonzalez 0-0: Ground out 5-3 (Groundball, 5, EV 90.0 MPH)
Batting: RHB Domingas Saragoa 0-0: Ball
1-0: Swinging Strike
1-1: Foul Ball, location: 2F
1-2: Strikes out swinging, 2-3 out at first.
Batting: LHB Ryan Fridley 0-0: Ball
1-0: Called Strike
1-1: Swinging Strike
1-2: Strikes out swinging
Top of the 9th over - 0 runs, 0 hits, 0 errors, 0 left on base; Greeneville 4 - Great Falls 6
Tuesday, March 28th , 2023 - OOTP Baseball 23.10 Build 110